 Dungeon Crawl Stone Soup version 0.29.1-13-g9f3cf754e1 (webtiles) character file.

Game seed: 2407056842355343294

1473 Thatpatchoflichen the Ruffian (level 8, -8/71 HPs)
             Began as a Ghoul Monk on Jan 19, 2023.
             Was an Elder of Okawaru.
             Mangled by a vampire (10 damage)
             ... on level 5 of the Dungeon.
             The game lasted 00:16:40 (6597 turns).

Thatpatchoflichen the Ruffian (Ghoul Monk)          Turns: 6597, Time: 00:16:41

Health: -8/71      AC:  7    Str: 17    XL:     8   Next: 78%
Magic:  4/11       EV: 14    Int: 11    God:    Okawaru [****..]
Gold:   217        SH:  0    Dex: 13    Spells: 7/7 levels left

rFire   . . .      SeeInvis +     - Unarmed
rCold   + . .      Faith    .   (no shield)
rNeg    + + +      Spirit   .   w - +0 leather armour of the Nexus {Dex+2 SInv}
rPois   ∞          Reflect  .   y - +0 helmet
rElec   .          Harm     .   (no cloak)
rCorr   .          Rampage  .   h - +0 pair of gloves
Will    .....                   (no boots)
Stlth   +++.......              (no amulet)
HPRegen 0.00/turn               j - ring of flight
MPRegen 0.12/turn               v - +6 ring of intelligence

@: heroic, finesse-ful, flying, inhibited regen
A: claws 1, cold resistance 1, negative energy resistance 3, inhibited
regeneration, torment resistance 2, devour on kill
a: Renounce Religion, Heroism, Finesse


You were on level 5 of the Dungeon.
You worshipped Okawaru.
Okawaru was greatly pleased with you.
You visited 1 branch of the dungeon, and saw 5 of its levels.

You collected 217 gold pieces.

Inventory:

Hand Weapons
 t - a +2 sling of freezing
 x - a +1 whip of freezing
Armour
 a - a +0 robe
 h - a +0 pair of gloves (worn)
 k - a +0 chain mail
 p - a +0 scale mail
 w - the +0 leather armour of the Nexus (worn) {Dex+2 SInv}
   (You found it on level 4 of the Dungeon)

   Dex:       It affects your dexterity (+2).
   SInv:      It lets you see invisible.
 y - a +0 helmet (worn)
Jewellery
 j - a ring of flight (left hand)
 v - a +6 ring of intelligence (right hand)
Scrolls
 c - a scroll of magic mapping {unknown}
 f - 2 scrolls of identify
 l - 3 scrolls of amnesia {unknown}
 m - 3 scrolls of poison {unknown}
 n - a scroll of butterflies {unknown}
 o - 3 scrolls of teleportation {unknown}
 q - a scroll of summoning {unknown}
 s - a scroll of blinking {unknown}
 u - a scroll of immolation {unknown}
Potions
 b - a potion of ambrosia
 d - 2 potions of curing
 g - a potion of resistance
 i - a potion of lignification
 r - a potion of attraction {unknown}


   Skills:
 + Level 6.3(11.3) Fighting
 + Level 4.4(9.4) Armour
 - Level 2.6(7.6) Dodging
 - Level 2.1(7.1) Stealth
 + Level 6.4(11.4) Unarmed Combat
 + Level 6.4 Invocations


You had 7 spell levels left.
You didn't know any spells.
Your spell library contained the following spells:

 Spells                   Type           Power      Damage    Failure   Level
 Blink                    Tloc           0%         N/A       52%         2
 Lesser Beckoning         Tloc           0%         N/A       77%         3
 Portal Projectile        Hex/Tloc       0%         N/A       77%         3
 Manifold Assault         Tloc           0%         N/A       100%        5
 Sublimation of Blood     Necr           Unusable   N/A       N/A         2
 Wereblood                Tmut           Unusable   N/A       N/A         2
 Tukima's Dance           Hex            Unusable   N/A       N/A         3
 Blade Hands              Tmut           Unusable   N/A       N/A         5
 Summon Hydra             Summ           Unusable   N/A       N/A         7

Dungeon Overview and Level Annotations

Branches:
Dungeon (5/15)
 Temple: D:4-7

Altars:
Ashenzari
Okawaru
Sif Muna
Uskayaw
Vehumet
Xom

Shops:
D:2 (


Innate Abilities, Weirdness & Mutations

You are immune to poison.
You have sharp fingernails.
Your flesh is cold resistant. (rC+)
You are immune to negative energy. (rN+++)
You do not regenerate when monsters are visible.
You are immune to unholy pain and torment.
You thrive by killing the living.


Message History

* * * LOW HITPOINT WARNING * * *
You feel much better. The vampire barely misses you. x2
You hit the vampire but do no damage.
The vampire is heavily damaged.
The vampire hits you but does no damage.
The vampire completely misses you.
You hit the vampire but do no damage.
The vampire is heavily damaged.
The vampire hits you but does no damage.
The vampire bites you but does no damage.
You barely miss the vampire.
The vampire is heavily damaged.
The vampire hits you!
* * * LOW HITPOINT WARNING * * *
The vampire closely misses you.
You hit the vampire but do no damage.
The vampire is heavily damaged.
The vampire hits you!
* * * LOW HITPOINT WARNING * * *
The vampire bites you.
* * * LOW HITPOINT WARNING * * *
You feel better. The vampire closely misses you. The vampire barely misses you.
You barely miss the vampire.
The vampire is heavily damaged.
The vampire hits you.
* * * LOW HITPOINT WARNING * * *
The vampire misses you.
You hit the vampire but do no damage.
The vampire is heavily damaged.
You gain the combat prowess of a mighty hero.
The vampire misses you. The vampire barely misses you.
You can now deal lightning-fast blows.
The vampire hits you.
* * * LOW HITPOINT WARNING * * *
The vampire bites you!
* * * LOW HITPOINT WARNING * * *
You completely miss the vampire.
The vampire is heavily damaged.
The vampire hits you!
You die...

#.# #.####### #.# #.# #........
#.#### #.# #........ .....# #.#
#.§≈≈≈≈≈≈≈≈.# #.##.# #.#
#)≈.......≈.# #.##.# #.#
##V≈.≈≈≈≈≈.≈.# ..##.# #.#
##.@§.≈...≈.§.# ..##.###.#
#...≈.≈._.≈.≈.# ...†...#.##
#.#.§.≈...≈...#
..##.#..#.####.#.≈.≈≈.≈≈.≈.######
..##.#.###.......≈.......§..)....
#.##.##.#.###.#..≈≈§≈≈≈§§≈.######
#.##.###.## #.#............# #..
#.##.# #.####....#.#..###### #.#
.#...# #.............## #.#


You could see a vampire (invisible).

Vanquished Creatures
  Pikel (D:4)
  Sigmund (D:4)
  An ogre (D:5)
  2 lemures (D:3)
  A phantom (D:4)
  Blork the orc (D:5)
  2 scorpions (D:4)
  A jelly (D:5)
  3 orc priests (D:4)
  2 iguanas
  4 orc wizards
  5 gnolls
  7 adders
  A worm (D:3)
  3 dart slugs
  21 orcs
  10 ball pythons
  7 bats
  9 endoplasms
  A giant cockroach (D:4)
  3 hobgoblins
  3 jackals (D:4)
  6 kobolds
  2 quokkas
  4 frilled lizards
  12 goblins
  5 rats
118 creatures vanquished.

Vanquished Creatures (others)
  2 fungi (D:4)
2 creatures vanquished.

Grand Total: 120 creatures vanquished

Notes
Turn   | Place    | Note
-------+----------+-------------------------------------------
     0 | D:1      | Thatpatchoflichen the Ghoul Monk began the quest for the
                  | Orb.
     0 | D:1      | Reached XP level 1. HP: 19/19 MP: 0/0
    35 | D:1      | Reached XP level 2. HP: 3/26 MP: 1/1
   834 | D:1      | Reached XP level 3. HP: 30/33 MP: 2/2
  1496 | D:2      | Found Ithiucw's Antique Weapon Boutique.
  2153 | D:4      | Found a radiant altar of Vehumet.
  2166 | D:3      | Reached XP level 4. HP: 40/40 MP: 3/3
  2335 | D:3      | Found a broken altar of Ashenzari.
  2606 | D:3      | Reached skill level 5 in Unarmed Combat
  2653 | D:3      | Found an iron altar of Okawaru.
  2665 | D:3      | Became a worshipper of Warmaster Okawaru
  2665 | D:3      | Reached * piety under Okawaru
  2665 | D:3      | Reached ** piety under Okawaru
  2877 | D:3      | Reached skill level 1 in Armour
  2885 | D:3      | Reached XP level 5. HP: 27/46 MP: 4/4
  3362 | D:3      | Reached skill level 1 in Invocations
  3604 | D:4      | Reached XP level 6. HP: 47/53 MP: 6/6
  3697 | D:4      | Noticed Sigmund
  3711 | D:4      | Killed Sigmund
  3712 | D:4      | Reached skill level 5 in Fighting
  3716 | D:4      | Reached XP level 7. HP: 44/61 MP: 6/8
  3739 | D:4      | Found a shimmering altar of Xom.
  3858 | D:4      | Reached *** piety under Okawaru
  4180 | D:4      | Noticed Pikel
  4942 | D:4      | Identified the +0 leather armour of the Nexus {Dex+2 SInv}
  4978 | D:4      | Killed Pikel
  4979 | D:4      | Reached XP level 8. HP: 30/70 MP: 9/11
  5294 | D:5      | Entered Level 5 of the Dungeon
  5346 | D:5      | Found a hide-covered altar of Uskayaw.
  5437 | D:5      | Found a shimmering blue altar of Sif Muna.
  5453 | D:5      | Reached **** piety under Okawaru
  6333 | D:5      | Noticed Blork the orc
  6355 | D:5      | Killed Blork the orc
  6561 | D:5      | Noticed a vampire
  6596 | D:5      | HP: 2/71 [vampire (8)]
  6597 | D:5      | Mangled by a vampire

Illustrated notes

Levels and vault maps discovered:
D:1:      lemuel_arrival_room, layout_basic
D:2:      layout_loops_ring, serial_shops, shop, minmay_cupped
D:3:      layout_basic, okawaru_ov_weapons_minmay,
          nicolae_overflow_crystal_walls
D:4:      layout_cave_pools, kennysheep_mini, mainiacjoe_overflow_boulevard,
          minmay_close_crescents, uniq_pikel, uniq_sigmund
D:5:      layout_loops_ring, mainiacjoe_overflow_concentric_impassable,
          lemuel_tele_altar, minmay_temple_entry_from_below_a,
          kennysheep_cross_bottleneck, uniq_blork_the_orc

Skill      XL: |  1  2  3  4  5  6  7 |
---------------+----------------------+-----
Unarmed Combat | 4 5 6 |  6.4
Fighting       | 4 5 6 |  6.3
Armour         | 1 2 4 |  4.4
Invocations    | 2 3 6 |  6.4
Dodging        | |  2.6
Stealth        | |  2.1

Action                   |  1- 3 |  4- 6 |  7- 9 || total
-------------------------+-------+-------+-------++-------
Melee: Unarmed           |   116 |   149 |   251 ||   516
       Punch             |       |     5 |    10 ||    15
Invok: Heroism           |       |       |     3 ||     3
       Finesse           |       |       |     1 ||     1
  Use: Scroll            |       |       |     4 ||     4
       Potion            |       |       |     4 ||     4
 Stab: Sleeping          |     1 |       |     1 ||     2
Armor: Robe              |    22 |       |       ||    22
       Chain mail        |    27 |    87 |    79 ||   193
       Leather armour    |       |       |    28 ||    28
Dodge: Dodged            |    85 |    59 |   141 ||   285
